 Dungeon Crawl Stone Soup version 0.21-a0-82-gdb84782 (webtiles) character file.

14 MackTheKnife the Skirmisher (level 2, 0/23 HPs)
             Began as a Halfling Wanderer on June 24, 2017.
             Slain by a worm (7 damage)
             ... on level 1 of the Dungeon.
             The game lasted 00:00:51 (575 turns).

MackTheKnife the Skirmisher (Halfling Wanderer)      Turns: 575, Time: 00:00:51

Health: 0/23       AC:  5    Str: 14    XL:     2   Next: 60%
Magic:  4/11       EV: 14    Int: 11    God:
Gold:   70         SH:  0    Dex: 11    Spells: 1/1 levels left

rFire    . . .     SeeInvis .   a - +2 hand crossbow
rCold    . . .     Gourm    .   (shield restricted)
rNeg     . . .     Faith    .   f - +0 robe
rPois    .         Spirit   .   (no helmet)
rElec    .         Reflect  .   (no cloak)
rCorr    .         Harm     .   (no gloves)
MR       .....                  (no boots)
Stlth    +.........             (no amulet)
HPRegen  0.07/turn              j - +3 ring of protection
MPRegen  0.12/turn              k - ring of magical power {MP+9}

@: no status effects
A: mutation resistance 1
a: no special abilities


You were on level 1 of the Dungeon.
You were not hungry.

You visited 1 branch of the dungeon, and saw 2 of its levels.

You collected 70 gold pieces.

Inventory:

Hand Weapons
 a - a +2 hand crossbow (weapon)
 c - a +0 shortbow
Missiles
 b - 23 bolts (quivered)
 d - 48 arrows
Armour
 f - a +0 robe (worn)
Jewellery
 j - a +3 ring of protection (left hand)
   (You found it on level 1 of the Dungeon)
 k - a ring of magical power (right hand) {MP+9}
   (You found it on level 1 of the Dungeon)
Scrolls
 i - a scroll of identify {unknown}
 l - a scroll of noise {unknown}
 m - 2 scrolls of fear
 o - a scroll of remove curse {unknown}
 q - a scroll of teleportation {unknown}
Potions
 e - a potion of curing
 n - a potion of heal wounds {unknown}
 p - a potion of agility {unknown}
Comestibles
 g - 3 bread rations {@e1}
 h - 2 royal jellies


   Skills:
 + Level 4.7 Fighting
   Level 1.0 Maces & Flails
 - Level 1.1 Crossbows
 - Level 1.0 Throwing
 - Level 1.1 Armour
 + Level 1.4 Dodging
   Level 1.1 Shields


You had one spell level left.
You didn't know any spells.

Dungeon Overview and Level Annotations

Branches:
Dungeon (2/15)

Altars:


Innate Abilities, Weirdness & Mutations

You are small and have problems with some larger weapons.
You are somewhat resistant to further mutation.


Message History

b - 29 bolts (gained 1)
b - 30 bolts (gained 1)
b - 33 bolts (gained 3)
Things that are here:
a jackal corpse x2
You see here a jackal corpse.
g - 3 bread rations {@e1} (gained 1)
A goblin and a kobold come into view.
The goblin shouts!
Found an escape hatch in the floor.
Aim: a goblin, wielding a club You shoot a bolt.
The bolt hits the kobold.
You kill the kobold!
Aim: a goblin, wielding a club You shoot a bolt.
The bolt hits the goblin!
You kill the goblin!
b - 32 bolts (gained 1)
Things that are here:
a club; a goblin corpse
b - 33 bolts (gained 1)
Things that are here:
a short sword; a kobold corpse You see here a jackal corpse.
You see here 17 stones.
There is an open door here.
There is an open door here.
Done exploring.
Done exploring.
No target in view!
No target in view!
Done exploring.
Search for what [? for help]? armour Wear which item? (? for menu, Esc to quit)
Okay, then.
Put on which piece of jewellery? (? for menu, Esc to quit)
You don't have any such object.
Put on which piece of jewellery? (? for menu, Esc to quit)
Okay, then.
Put on which piece of jewellery? (? for menu, Esc to quit)
You feel your magic capacity increase.
k - a ring of magical power (right hand) Wield which item (- for none, * to show all)? (? for menu, Esc to quit)
Okay, then.
As you read the scroll labeled MUOSTI INNUL, it crumbles to dust.
You assume a fearsome visage.
Nothing appears to happen.
It was a scroll of fear.
Done exploring.
There is a stone staircase leading down here.
You climb downwards. 2 rats and a worm come into view.
There is a stone staircase leading up here.
Aim: a rat You shoot a bolt.
The bolt closely misses the rat.
Aim: a rat You shoot a bolt.
The bolt closely misses the rat.
The rat completely misses you.
Aim: a rat You shoot a bolt.
The bolt closely misses the rat.
The rat closely misses you. The rat bites you. x3
You take 5 damage, and have 18/23 hp.
MASSIVE DAMAGE!!
Aim: a rat You shoot a bolt.
The bolt closely misses the rat.
The rat barely misses you. The rat bites you but does no damage.
Aim: a rat You shoot a bolt.
The bolt hits the worm.
The rat bites you. The rat closely misses you. The worm barely misses you.
The rat barely misses you. The rat misses you.
You take 1 damage, and have 17/23 hp.
Aim: a worm You shoot a bolt.
The bolt hits the worm.
The rat barely misses you. The rat closely misses you.
The worm barely misses you.
Aim: a worm (lightly wounded)
You shoot a bolt. The bolt hits the worm.
The rat completely misses you. The rat bites you.
The rat bites you but does no damage. The worm barely misses you.
The rat bites you but does no damage.
You take 1 damage, and have 16/23 hp.
Aim: a worm (moderately wounded)
You shoot a bolt. The bolt barely misses the worm.
The rat bites you but does no damage. The rat barely misses you.
The worm barely misses you.
Aim: a worm (moderately wounded)
You shoot a bolt. The bolt hits the worm.
The rat barely misses you. The rat bites you. The rat barely misses you.
The rat bites you.
You take 5 damage, and have 11/23 hp.
MASSIVE DAMAGE!!
The worm bites you. The rat bites you but does no damage.
The rat barely misses you.
You climb upwards.
There is a stone staircase leading down here.
You take 4 damage, and have 7/23 hp.
Unknown command.
Really attack while wielding your +2 hand crossbow? [Y]es or [N]o only, please.
Really attack while wielding your +2 hand crossbow?
Okay, then.
Aim: a rat You shoot a bolt.
The bolt barely misses the rat.
The rat bites you but does no damage. The worm bites you!
You die...

#... #.#. #>.. ##...
##############.#..
#(.............†..
#.########.....)>.
#r# #####.#.#..#.
#@####.......#....
#w#.....##........
#r#.##............
#.#.##.........###
##.#.##........## #
#..#..........## ##
#.####........# ##.
##....#.#......# #..
#.............####..


You could see a worm and 2 rats.

Vanquished Creatures
  A leopard gecko (D:1)
  A bat (D:1)
  2 goblins (D:1)
  4 jackals (D:1)
  2 kobolds (D:1)
  2 rats (D:1)
12 creatures vanquished.

Notes
Turn   | Place    | Note
-------+----------+-------------------------------------------
     0 | D:1      | MackTheKnife the Halfling Wanderer began the quest for the Orb.
     0 | D:1      | MackTheKnife set off with: a +2 hand crossbow, 26 bolts, a +0 shortbow, 26 arrows, a potion of curing, a +0 robe, a bread ration {@e1}
     0 | D:1      | Reached XP level 1. HP: 18/18 MP: 1/1
   136 | D:1      | Reached XP level 2. HP: 21/23 MP: 2/2
   363 | D:1      | Reached skill level 1 in Dodging
   575 | D:1      | Slain by a worm

Vault maps used:
D:1:      dpeg_arrival_concentric_ovals, minmay_liquid_box
D:2:      first_bread, minmay_tromino_mix6

Skill      XL: |  1  2 |
---------------+-------+-----
Dodging        | 1 |  1.4
Fighting       | |  4.7
Maces & Flails | |  1.0
Crossbows      | |  1.1
Throwing       | |  1.0
Armour         | |  1.1
Shields        | |  1.1

Action                   || total
-------------------------++-------
 Fire: Hand crossbow     ||    40
  Use: Scroll            ||     1
Armor: Robe              ||    14
Dodge: Dodged            ||    43

Vault maps used:
D:1:      dpeg_arrival_concentric_ovals, minmay_liquid_box
D:2:      first_bread, minmay_tromino_mix6

Table legend:
 A = Turns spent in this place as a percentage of turns spent in the entire game.
 B = Non-inter-level travel turns spent in this place as a percentage of non-inter-level travel turns spent in the entire game.
 C = Inter-level travel turns spent in this place as a percentage of turns spent in this place.
 D = Turns resting spent in this place as a percentage of non-inter-level travel turns spent in this place.
 E = Turns spent auto-exploring this place as a percentage of non-inter-level travel turns spent in this place.
 F = Non-inter-level travel turns spent in this place divided by the number of levels of this place that you've seen.
                   A       B       C       D       E      F
               +-------+-------+-------+-------+-------+----------------------
         Total | 100.0 | 100.0 |   1.0 |   0.0 |  27.1 |  48.0
       Dungeon | 100.0 | 100.0 |   1.0 |   0.0 |  27.1 |  48.0
               +-------+-------+-------+-------+-------+----------------------

Table legend:
 A = Kills in this place as a percentage of kills in entire the game.
 B = Kills by you in this place as a percentage of kills by you in the entire game.
 C = Kills by friends in this place as a percentage of kills by friends in the entire game.
 D = Other kills in this place as a percentage of other kills in the entire game.
 E = Experience gained in this place as a percentage of experience gained in the entire game.
 F = Experience gained in this place divided by the number of levels of this place that you have seen.
                   A       B       C       D       E      F
               +-------+-------+-------+-------+-------+----------------------
         Total | 100.0 | 100.0 |  -nan |  -nan | 100.0 |  10.5
       Dungeon | 100.0 | 100.0 |  -nan |  -nan | 100.0 |  10.5
               +-------+-------+-------+-------+-------+----------------------
